 Dungeon Crawl Stone Soup version 0.27-a0-1434-g6f15984924 (webtiles) character file.

Game seed: 9614898344891973586

2888 sagitran the Stinger (level 9, -26/63 HPs)
             Began as a Demonspawn Venom Mage on July 3, 2021.
             Was a Follower of Nemelex Xobeh.
             Hit by a large rock thrown by a cyclops (40 damage)
             ... on level 8 of the Dungeon.
             The game lasted 01:06:38 (11162 turns).

sagitran the Stinger (Demonspawn Venom Mage)       Turns: 11162, Time: 01:06:39

Health: -26/63     AC:  7    Str:  9 (11) XL:     9   Next: 48%
Magic:  0/17       EV: 14    Int: 16 (17) God:    Nemelex Xobeh [*.....]
Gold:   479        SH:  0    Dex: 19 (20) Spells: 6/19 levels left

rFire    . . .     SeeInvis .   m - +0 whip (venom)
rCold    . . .     Faith    .   (no shield)
rNeg     . . .     Spirit   .   g - +0 steam dragon scales
rPois    .         Reflect  .   (helmet restricted)
rElec    .         Harm     .   d - scarf {+Inv}
rCorr    .         Rampage  .   (no gloves)
Will     .....                  (no boots)
Stlth    +++.......             (no amulet)
HPRegen  0.20/turn              h - +6 ring of dexterity
MPRegen  0.15/turn              (no ring)

@: flying
A: claws 2, hooves 2, horns 1, demonic guardian 1, ignite blood 1, iridescent
scales 1, deterioration 1
a: Renounce Religion, Evoke Invisibility, Draw Escape, Draw Destruction, Draw
Summoning


You were on level 8 of the Dungeon.
You worshipped Nemelex Xobeh.
Nemelex Xobeh was aware of your devotion.
You visited 1 branch of the dungeon, and saw 8 of its levels.

You collected 513 gold pieces.
You spent 34 gold pieces at shops.

Inventory:

Hand Weapons
 m - a +0 whip of venom (weapon)
 p - a +2 mace of protection
Armour
 a - a +0 robe
 d - a scarf of invisibility (worn)
 e - a +0 buckler
 g - +0 steam dragon scales (worn)
 j - a +3 chain mail
 r - a scarf of harm
Jewellery
 h - a +6 ring of dexterity (left claw)
Wands
 q - a wand of flame (41)
 u - a wand of paralysis (19)
 v - a wand of acid (9)
 w - a wand of iceblast (10)
Scrolls
 b - a scroll of brand weapon {unknown}
 c - a scroll of fear {unknown}
 k - a scroll of enchant armour {unknown}
 l - 2 scrolls of teleportation {unknown}
 n - a scroll of blinking {unknown}
 o - 3 scrolls of immolation {unknown}
 s - a scroll of magic mapping {unknown}
 t - a scroll of torment {unknown}
Potions
 i - a potion of flight


   Skills:
 + Level 3.0 Fighting
 + Level 1.1(2.7) Axes
 + Level 4.0(4.1) Maces & Flails
 + Level 4.4 Dodging
 + Level 3.4 Stealth
 + Level 0.8 Shields
 + Level 5.7 Spellcasting
 + Level 1.1 Conjurations
 + Level 2.8 Transmutations
 + Level 2.0 Fire Magic
 + Level 3.6 Air Magic
 + Level 6.6 Poison Magic


You had 6 spell levels left.
You knew the following spells:

 Your Spells              Type           Power      Damage    Failure   Level
a - Sting                 Tmut/Pois      76%        1d6       1%          1
b - Poisonous Vapours     Pois/Air       40%        N/A       2%          2
c - Mephitic Cloud        Conj/Pois/Air  16%        N/A       9%          3
d - Ignite Poison         Fire/Tmut/Pois 16%        N/A       9%          3
e - Olgreb's Toxic Radia  Pois           25%        N/A       10%         4

Your spell library contained the following spells:

 Spells                   Type           Power      Damage    Failure   Level
 Shock                    Conj/Air       48%        1d6       5%          1
 Magic Dart               Conj           32%        1d4       9%          1
 Swiftness                Air            16%        N/A       10%         3
 Passwall                 Tmut/Erth      7%         N/A       12%         2
 Pain                     Necr           16%        1d4       14%         1
 Call Imp                 Summ           4%         N/A       22%         2
 Airstrike                Air            8%         N/A       32%         4
 Bolt of Magma            Conj/Fire/Erth 3%         4d5       95%         5
 Agony                    Necr           4%         N/A       98%         5
 Excruciating Wounds      Necr           2%         N/A       98%         5
 Invisibility             Hex            2%         N/A       100%        6


Dungeon Overview and Level Annotations

Branches:
Dungeon (8/15)             Temple (0/1) D:7
   Lair: D:8-11

Altars:
Fedhas
Gozag
Nemelex Xobeh
Wu Jian

Shops:
D:2 :?*((   D:4 ?


Innate Abilities, Weirdness & Mutations

You have very sharp fingernails.
You have hoof-like feet.
You have a pair of small horns on your head.
A weak demonic guardian rushes to your aid.
Your demonic aura sometimes causes spilled blood to erupt in flames.
You are partially covered in iridescent scales. (AC +2)
Your body sometimes deteriorates upon taking damage.


Message History

Confirm with . or Enter, or press ? or * to list all spells.
Aiming: Poisonous Vapours (safe; 2% risk of failure)
Press: ? - help, Dir - move target, f - cyclops
Aim: a cyclops, quivering large rocks (severely wounded) Poisonous vapours surround the cyclops!
The cyclops is poisoned.
Casting: Poisonous Vapours (safe; 2% risk of failure)
Confirm with . or Enter, or press ? or * to list all spells.
You don't have enough magic to cast this spell.
Casting: Poisonous Vapours (safe; 2% risk of failure)
Confirm with . or Enter, or press ? or * to list all spells.
Aiming: Poisonous Vapours (safe; 2% risk of failure)
Press: ? - help, Dir - move target, f/p - cyclops
Aim: a cyclops, quivering large rocks (almost dead, poisoned) Poisonous vapours surround the cyclops!
The cyclops looks even sicker.
You are no longer corroded.
There is a stone staircase leading up, spattered with blood here.
The cyclops throws a large rock.
The large rock hits you!!
* * * LOW HITPOINT WARNING * * *
A demonic guardian appears!
You swap places.
You feel better.
Casting: Poisonous Vapours (safe; 2% risk of failure)
Confirm with . or Enter, or press ? or * to list all spells.
You don't have enough magic to cast this spell.
You feel better.
The cyclops looks more healthy.
The cyclops throws a large rock.
The large rock hits your shadow imp!!
Your shadow imp dies!
Casting: Poisonous Vapours (safe; 2% risk of failure)
Confirm with . or Enter, or press ? or * to list all spells.
Aiming: Poisonous Vapours (safe; 2% risk of failure)
Press: ? - help, Dir - move target, f/p - cyclops
Aim: a cyclops, quivering large rocks (almost dead) Poisonous vapours surround the cyclops!
The cyclops is poisoned.
You feel very buoyant.
You fly up into the air.
The cyclops throws a large rock.
The large rock hits you!!!
Ouch! That really hurt!
You die...
Your body disappears without a glow.

# ##########.#
#..C....@..#
#.########## #.#
. ######<# ..
#....#C#
C..#....#)#
...oo...#)#####.#
...#....#........
.. ####.....#####


You could see a cyclops (poisoned).

Vanquished Creatures
  A wraith (D:6)
  A steam dragon (D:6)
  A sky beast (D:6)
  2 ice beasts
  An orc warrior (D:8)
  A black bear (D:8)
  A centaur (D:7)
  2 ogres
  2 phantoms (D:6)
  3 kobold brigands
  3 scorpions
  A water moccasin zombie (D:6)
  2 water moccasin skeletons (D:6)
  3 killer bees (D:8)
  4 wights (D:6)
  A howler monkey (D:6)
  A jelly (D:7)
  2 centaur zombies
  A centaur skeleton (D:6)
  5 orc priests
  4 hounds
  2 bullfrog skeletons (D:6)
  5 orc wizards
  An iguana (D:6)
  2 hound skeletons (D:4)
  A howler monkey skeleton (D:6)
  7 gnolls
  5 adders
  A shadow imp (D:7)
  2 ufetubi
  2 worms
  3 dart slugs
  15 orcs
  4 ball pythons
  6 endoplasms
  5 giant cockroaches
  6 goblins
  5 hobgoblins
  7 jackals
  18 kobolds
  2 quokkas
  4 bats
  A frilled lizard (D:2)
  3 rats (D:2)
149 creatures vanquished.

Vanquished Creatures (collateral kills)
  A hound (D:4)
  A jelly (D:7)
  An orc wizard (D:8)
  5 kobolds (D:7)
8 creatures vanquished.

Vanquished Creatures (others)
  9 plants (D:3)
9 creatures vanquished.

Grand Total: 166 creatures vanquished

Notes
Turn   | Place    | Note
-------+----------+-------------------------------------------
     0 | D:1      | sagitran the Demonspawn Venom Mage began the quest for the
                  | Orb.
     0 | D:1      | Reached XP level 1. HP: 13/13 MP: 3/3
   704 | D:1      | Gained mutation: You have a pair of small horns on your
                  | head. [demonic ancestry]
   704 | D:1      | Reached XP level 2. HP: 19/19 MP: 1/5
   878 | D:1      | Learned a level 2 spell: Poisonous Vapours
  1075 | D:2      | You fall into a shaft and drop 1 floor!
  2065 | D:2      | Found Epavol's Magic Scroll Boutique.
  2065 | D:2      | Found Rabov's Assorted Antiques.
  2071 | D:2      | Gained mutation: You have large cloven feet. [demonic
                  | ancestry]
  2071 | D:2      | Reached XP level 3. HP: 19/24 MP: 6/6
  2074 | D:2      | Bought a scroll of identify for 24 gold pieces
  2273 | D:2      | Found Tyneci's Book Shoppe.
  2406 | D:2      | Found a faded altar of an unknown god.
  2447 | D:2      | Found Hiquz's Antique Weapon Shop.
  3151 | D:2      | Found Rutawyj's Weapon Shop.
  3170 | D:2      | Reached skill level 1 in Axes
  3170 | D:2      | Gained mutation: You have sharp fingernails. [demonic
                  | ancestry]
  3170 | D:2      | Reached XP level 4. HP: 23/30 MP: 4/8
  3316 | D:3      | Learned a level 3 spell: Mephitic Cloud
  3425 | D:3      | Reached skill level 1 in Transmutations
  3497 | D:3      | Learned a level 3 spell: Ignite Poison
  3736 | D:4      | Gained mutation: You have very sharp fingernails. [demonic
                  | ancestry]
  3736 | D:4      | Reached XP level 5. HP: 16/36 MP: 1/9
  3927 | D:5      | Entered Level 5 of the Dungeon
  3969 | D:4      | Found Qirausch's Magic Scroll Shoppe.
  3972 | D:4      | Bought a scroll of noise for 10 gold pieces
  4421 | D:4      | Reached skill level 4 in Poison Magic
  4428 | D:4      | Reached skill level 1 in Maces & Flails
  4428 | D:4      | Gained mutation: You have hoof-like feet. [demonic
                  | ancestry]
  4428 | D:4      | Reached XP level 6. HP: 25/42 MP: 1/11
  4826 | D:5      | Reached skill level 1 in Fighting
  4826 | D:5      | Reached skill level 1 in Air Magic
  5162 | D:6      | Gained mutation: You are partially covered in iridescent
                  | scales. (AC +2) [potion of mutation]
  5162 | D:6      | Gained mutation: Your body sometimes deteriorates upon
                  | taking damage. [potion of mutation]
  5277 | D:6      | Gained mutation: Your demonic aura sometimes causes spilled
                  | blood to erupt in flames. [demonic ancestry]
  5277 | D:6      | Reached XP level 7. HP: 12/48 MP: 2/12
  5564 | D:6      | Noticed a steam dragon
  5996 | D:4      | Found a faded altar of an unknown god.
  5996 | D:4      | Found an opulent altar of Gozag.
  6012 | D:4      | Found a sparkling altar of Nemelex Xobeh.
  6014 | D:4      | Found a blossoming altar of Fedhas.
  6015 | D:4      | Found an ornate altar of the Wu Jian Council.
  6035 | D:4      | Became a worshipper of Nemelex Xobeh the Trickster
  6498 | D:6      | Learned a level 4 spell: Olgreb's Toxic Radiance
  6522 | D:6      | Reached skill level 1 in Fire Magic
  6557 | D:6      | Reached skill level 5 in Poison Magic
  6557 | D:6      | Reached XP level 8. HP: 12/53 MP: 0/14
  6944 | D:6      | HP: 4/81 [steam dragon] (6)]
  8491 | D:7      | Reached skill level 5 in Spellcasting
  8732 | D:7      | Found a staircase to the Ecumenical Temple.
  8924 | D:7      | Noticed a slime creature
  8925 | D:7      | Noticed a slime creature
  8925 | D:7      | Noticed a slime creature
  9024 | D:7      | Reached * piety under Nemelex Xobeh
  9175 | D:6      | HP: 2/56 [wraith (9)]
  9178 | D:6      | Reached skill level 6 in Poison Magic
  9181 | D:6      | HP: 2/56 [water moccasin zombie (1)]
  9581 | D:6      | Reached skill level 1 in Conjurations
  9581 | D:6      | Gained mutation: A weak demonic guardian rushes to your
                  | aid. [demonic ancestry]
  9581 | D:6      | Reached XP level 9. HP: 47/62 MP: 6/16
 10217 | D:8      | Received a gift from Nemelex Xobeh
 10867 | D:8      | Noticed a cyclops
 11151 | D:8      | HP: 1/63 [cyclops/large rock (31)]
 11162 | D:8      | Hit by a large rock thrown by a cyclops

Illustrated notes

Levels and vault maps discovered:
D:1:      tarquinn_simple_flora_water_f, layout_basic
D:2:      layout_basic, serial_shops, shop, nicolae_shop_statue_plus,
          shop_fountains, shop, shop, shapermc_ecumenical_altar_venn,
          minmay_shallow_snake_nest
D:3:      layout_rooms, serial_bayou_lake_a
D:4:      layout_loops_ring, chequers_temple_overflow_minitemple, serial_shops,
          nicolae_shop_behind_doors
D:5:      layout_loops_ring
D:6:      minmay_clustersquares, layout_rooms
D:7:      layout_rooms, minmay_temple_entry_wispy, kennysheep_cross_bottleneck,
          hangedman_decor_diamond_cutter
D:8:      layout_basic, vehumet_altar_wand_db

Skill      XL: |  1  2  3  4  5  6  7  8  9 |
---------------+----------------------------+-----
Stealth        | 2 3 |  3.4
Dodging        | 2 3 4 |  4.4
Axes           | 1 |  1.1
Spellcasting   | 3 4 5 |  5.7
Transmutations | 1 2 |  2.8
Poison Magic   | 4 5 6 |  6.6
Maces & Flails | 1 2 3 4 |  4.0
Fighting       | 1 2 3 |  3.0
Air Magic      | 1 2 3 |  3.6
Fire Magic     | 1 2 |  2.0
Conjurations   | 1 |  1.1
Shields        | |  0.8

Action                   |  1- 3 |  4- 6 |  7- 9 || total
-------------------------+-------+-------+-------++-------
Melee: Hand axe          |    60 |       |       ||    60
       Dagger            |     6 |       |       ||     6
       Headbutt          |     9 |    14 |    44 ||    67
       Whip              |    18 |   101 |   198 ||   317
       Kick              |    11 |    21 |    76 ||   108
       Mace              |       |    19 |     8 ||    27
 Cast: Sting             |    25 |    11 |     6 ||    42
       Poisonous Vapours |     2 |    19 |    41 ||    62
       Mephitic Cloud    |       |     2 |     9 ||    11
       Ignite Poison     |       |     3 |    24 ||    27
       Olgreb's Toxic Ra |       |       |     3 ||     3
Invok: Draw Destruction  |       |       |     2 ||     2
       Draw Summoning    |       |       |     1 ||     1
  Use: Scroll            |     1 |     1 |     2 ||     4
       Potion            |       |     7 |     8 ||    15
 Stab: Sleeping          |     4 |     1 |       ||     5
       Distracted        |       |     1 |       ||     1
Armor: Robe              |    17 |    27 |     3 ||    47
       Chain mail        |    12 |       |       ||    12
       Skin              |       |    24 |       ||    24
       Steam dragon scal |       |       |    80 ||    80
Dodge: Dodged            |    60 |    78 |   191 ||   329
Block: Buckler           |     9 |       |       ||     9

Table legend: (Time is in decaauts)
 A = Elapsed time spent in this place.
 B = Non-inter-level travel time spent in this place.
 C = Inter-level travel time spent in this place.
 D = Time resting spent in this place.
 E = Time spent auto-exploring this place.
 F = Levels seen in this place.
 G = Mean time per level.
                   A        B        C        D        E       F      G
               +--------+--------+--------+--------+--------+-----+--------+
         Total |  11237 |  11105 |    132 |   4615 |   2327 |   8 | 1404.6 |
       Dungeon |  11237 |  11105 |    132 |   4615 |   2327 |   8 | 1404.6 |
               +--------+--------+--------+--------+--------+-----+--------+

Top non-repeatable levels by time:
     D:6: 2577 daAuts
     D:5: 1570 daAuts
     D:1: 1540 daAuts
     D:2: 1516 daAuts
     D:4: 1443 daAuts
     D:7: 1384 daAuts
     D:3: 672 daAuts
     D:8: 532 daAuts
